 Dungeon Crawl Stone Soup version 0.31.0-11-ge490571c62 (webtiles) character file.

Game seed: 6224178976833915390

2139 bearlyready the Fighter (level 9, 0/102 HPs)
             Began as an Oni Berserker on Feb 3, 2024.
             Was an Elder of Trog.
             Slain by a gnoll
             ... wielding a +0 halberd
             ... led by a gnoll bouda
              (3 damage)
             ... on level 7 of the Dungeon.
             The game lasted 00:09:02 (5628 turns).

bearlyready the Fighter (Oni Berserker)             Turns: 5628, Time: 00:09:03

Health: 0/102      AC:  5    Str: 27    XL:     9   Next: 30%
Magic:  18/18      EV:  9    Int:  8    God:    Trog [****..]
Gold:   474        SH:  0    Dex:  8    Spells: 8/8 levels left

rFire   + . .        w - +0 flail
rCold   . . .        (no shield)
rNeg    . . .        u - +0 troll leather armour {Pargi}
rPois   .            (helmet restricted)
rElec   .            q - +0 cloak
rCorr   .            (gloves unavailable)
SInv    .            (boots unavailable)
Will    .....        (no amulet)
Stlth   +            s - ring of protection from fire
HPRegen 1.17/turn    v - ring of magical power
MPRegen 0.16/turn

%: no passive effects
@: on berserk cooldown, slowed, very slow
A: large, unfitting armour, horns 1, tough skin 1, double potion healing,
drunken brawling
a: Renounce Religion, Berserk, Trog's Hand, Brothers in Arms


You were on level 7 of the Dungeon.
You worshipped Trog.
Trog was greatly pleased with you.
You visited 1 branch of the dungeon, and saw 7 of its levels.
You also visited: Sewer.

You collected 474 gold pieces.

Inventory:

Hand Weapons
 a - a +0 mace
 k - a +0 giant club
 w - a +0 flail (weapon)
Missiles
 C - a throwing net (quivered)
Armour
 q - a +0 cloak (worn)
 u - a +0 troll leather armour (worn) {Pargi}
Jewellery
 j - a ring of ice
 s - a ring of protection from fire (left hand)
 v - a ring of magical power (right hand)
Wands
 b - a wand of mindburst (19)
 m - a wand of charming (5)
Scrolls
 c - 3 scrolls of teleportation
 f - a scroll of torment
 g - a scroll of noise {unknown}
 h - 3 scrolls of amnesia
 i - a scroll of poison {unknown}
 l - a scroll of immolation {unknown}
 o - a scroll of fear
 p - a scroll of silence {unknown}
 r - a scroll of fog {unknown}
 y - a scroll of vulnerability {unknown}
 B - a scroll of brand weapon {unknown}
 D - a scroll of acquirement {unknown}
 G - a scroll of revelation {unknown}
 H - a scroll of butterflies
Potions
 d - 2 potions of berserk rage
 e - a potion of haste
 n - 3 potions of might
 t - a potion of enlightenment {unknown}
 x - a potion of brilliance {unknown}
 z - a potion of curing
 A - 2 potions of attraction
 E - a potion of magic {unknown}
 F - 2 potions of lignification {unknown}


   Skills:
 + Level 10.4 Fighting
 + Level 10.0 Maces & Flails
 - Level 2.6 Dodging


You had 8 spell levels left.
You didn't know any spells.
Your spell library was empty.

Dungeon Overview and Level Annotations

Branches:
Dungeon (7/15)             Temple (0/1) D:4           Sewer (visited)

Altars:
Dithmenos
Kikubaaqudgha
Vehumet

Shops:
D:2 (*[(

Annotations:
D:6 2 transporters, yentook's ghost, novice MiBe


Innate Abilities, Weirdness & Mutations

You are too large for most types of armour.
You have a pair of small horns on your head.
You have tough skin. (AC +1)
You gain doubled healing and magic from potions.
Whenever you drink a healing potion, you attack all around you.


Message History

Something hits you.
* * * LOW HITPOINT WARNING * * *
A gnoll comes into view. It is wielding a +0 halberd.
Your attacks no longer feel as feeble.
You closely miss something. Something hits you.
* * * LOW HITPOINT WARNING * * *
You miss something. Something hits you.
* * * LOW HITPOINT WARNING * * *
A gnoll comes into view. It is wielding a +0 whip.
You are no longer berserk.
You are exhausted.
You feel yourself slow down.
You take a swig of the potion and twirl your +0 flail.
You hit something but do no damage.
You savour every drop.
You feel better. Something hits you!
* * * LOW HITPOINT WARNING * * *
A gnoll comes into view. It is wielding a +0 flail.
Something hits you!
* * * LOW HITPOINT WARNING * * *
The gnoll closely misses you.
Okay, then.
Aiming: Charm
Press: ? - help, Shift-Dir - straight line, f - gnoll
Aim: a gnoll, wielding a +0 halberd (covering ground quickly, chance to affect: 57%)
The gnoll resists with significant effort.
Something hits you!
* * * LOW HITPOINT WARNING * * *
Something hits you.
* * * LOW HITPOINT WARNING * * *
A gnoll comes into view. It is wielding a +3 flail.
The gnoll barely misses you.
Aiming: Charm
Press: ? - help, Shift-Dir - straight line, f/p - gnoll
Aim: a gnoll, wielding a +0 halberd (covering ground quickly, chance to affect: 57%)
The gnoll resists with significant effort.
The gnoll shouts!
Something hits you but does no damage. The gnoll barely misses you.
Something hits you but does no damage. The gnoll barely misses you.
The gnoll hits you from afar with a +0 halberd.
You die...

#.# #.. #. #.# #.# #.# #.#
#.# #.# #.# #.# #.# # #.# #>#
#.# # ..
#.####)#####.###.###.$
##....##.##.....@gg)..g......
......+.........†...g........
......##.####.#########.#.#..
...........................D
...#..##.####.#########.#...#
#..#..##.####.# ...#
............#.# ...
................ ..
...##.#####.#.##


You could see 4 gnolls.

Vanquished Creatures
  A wraith (D:4)
  A steam dragon (D:7)
  A water moccasin (D:6)
  Pargi (D:3)
  2 sky beasts (D:6)
  A black bear (D:7)
  2 ogres
  A crocodile (Sewer)
  A bullfrog (D:6)
  A brain worm (Sewer)
  A scorpion (D:6)
  A wight (D:6)
  A howler monkey (D:5)
  2 vampire bats (D:4)
  2 jellies (D:5)
  An orc priest (D:6)
  2 bombardier beetles
  4 hounds
  2 gnoll boudas (D:7)
  Jessica (D:3)
  3 iguanas (D:6)
  An orc wizard (D:4)
  5 adders
  9 gnolls
  9 river rats (D:6)
  2 white imps
  A dart slug (D:3)
  14 orcs
  7 ball pythons
  10 bats
  A bat skeleton (D:4)
  5 bat zombies (D:4)
  6 endoplasms
  8 giant cockroaches
  A goblin (D:1)
  9 hobgoblins
  11 quokkas
  2 frilled lizards (D:2)
  2 kobolds (D:3)
  18 rats
153 creatures vanquished.

Notes
Turn   | Place    | Note
-------+----------+-------------------------------------------
     0 | D:1      | bearlyready the Oni Berserker began the quest for the Orb.
     0 | D:1      | Reached XP level 1. HP: 24/24 MP: 1/1
   281 | D:1      | Reached XP level 2. HP: 32/32 MP: 2/2
   940 | D:2      | Found Puem Imo's Weapon Boutique.
   999 | D:2      | Found Ricsayd's Antique Armour Shop.
  1017 | D:2      | Found Qaawno's Antique Weapon Shoppe.
  1260 | D:2      | Found Vuidduh's General Store.
  1307 | D:2      | Reached XP level 3. HP: 31/39 MP: 3/3
  1446 | D:2      | Found a radiant altar of Vehumet.
  1849 | D:3      | Noticed Jessica
  1856 | D:3      | Killed Jessica
  1857 | D:3      | Reached XP level 4. HP: 35/48 MP: 4/4
  1951 | D:3      | Reached ** piety under Trog
  2002 | D:3      | Reached skill level 5 in Maces & Flails
  2013 | D:3      | Noticed Pargi
  2018 | D:3      | Killed Pargi
  2019 | D:3      | Reached XP level 5. HP: 54/54 MP: 5/5
  2087 | D:3      | Found a shadowy altar of Dithmenos.
  2192 | D:3      | Found a transporter.
  2326 | D:3      | Found a transporter.
  2390 | D:3      | Reached XP level 6. HP: 62/62 MP: 6/6
  2731 | D:4      | Found an ancient bone altar of Kikubaaqudgha.
  3023 | D:4      | Reached *** piety under Trog
  3024 | D:4      | Reached skill level 5 in Fighting
  3111 | D:4      | Found a staircase to the Ecumenical Temple.
  3297 | D:5      | Entered Level 5 of the Dungeon
  3306 | D:5      | Noticed a wraith
  3479 | D:5      | Reached XP level 7. HP: 70/72 MP: 7/7
  3578 | D:5      | HP: 2/72 [ogre/+0 giant club (28)]
  3745 | D:4      | Killed a wraith
  3906 | D:5      | Reached XP level 8. HP: 85/87 MP: 8/8
  4168 | D:6      | Found a transporter.
  4176 | D:6      | Noticed yentook's ghost (novice MiBe)
  4204 | D:6      | Found a transporter.
  4213 | D:6      | Noticed a troll
  4247 | D:6      | Found a glowing drain.
  4261 | Sewer    | Entered a sewer
  4799 | D:6      | Reached **** piety under Trog
  4815 | D:6      | Reached XP level 9. HP: 72/100 MP: 9/9
  5463 | D:7      | Reached skill level 10 in Fighting
  5616 | D:7      | Reached skill level 10 in Maces & Flails
  5627 | D:7      | HP: 2/102 [something (6)]
  5628 | D:7      | Slain by a gnoll

Illustrated notes

Levels and vault maps discovered:
D:1:      ncdulo_wetmaze, layout_basic, minivault_19
D:2:      layout_loops_ring, serial_shops, shop, nicolae_shop_hallway_stairs,
          nicolae_shop_getting_attention, nicolae_shop_waterfront, basic_altar,
          minivault_26, minmay_heptomino_o4
D:3:      gammafunk_wand_slinger, layout_rooms, mainiacjoe_overflow_24_doors,
          serial_bayou_pond_a, uniq_pargi, uniq_jessica
D:4:      layout_basic, kennysheep_vampire_church, minmay_temple_entry_hall
D:5:      layout_rooms
D:6:      lemuel_ratsnest, layout_basic, gup_sewer_entry_pipe,
          gammafunk_ghost_arena
D:7:      layout_basic, nzn_hepliaklqana_mist_gate

Skill      XL: |  1  2  3  4  5  6  7  8  9 |
---------------+----------------------------+-----
Maces & Flails | 4 6 7 8 9 10 | 10.0
Fighting       | 5 7 9 10 | 10.4
Dodging        | |  2.6

Action                     |  1- 3 |  4- 6 |  7- 9 || total
---------------------------+-------+-------+-------++-------
  Melee: Mace              |    59 |    72 |       ||   131
         Headbutt          |     8 |    16 |    44 ||    68
         Punch             |       |     2 |     4 ||     6
         Flail             |       |    96 |   265 ||   361
  Throw: Throwing net      |       |       |     1 ||     1
 Invoke: Berserk           |       |     2 |     3 ||     5
  Evoke: Wand              |       |       |     2 ||     2
    Use: Potion            |       |     3 |     1 ||     4
         Scroll            |       |     2 |     6 ||     8
   Stab: Sleeping          |       |     1 |       ||     1
 Armour: Animal skin       |    38 |    13 |       ||    51
         Troll leather arm |       |   133 |   214 ||   347
  Dodge: Dodged            |    37 |    80 |   113 ||   230
